[ AOE2 MATCH · #494631954 ]
UnrankedCumans vs Lithuanians
Player's team · LOSS
[ REPLAY ANALYSIS · EXTRACTED FROM THE RECORDED GAME ]
Feudal
11:25
Castle
44:36
Imperial
—
| APM avg | 24.4 |
| APM peak | 63 |
| eAPM avg | 13.6 |
| Villagers / military | 83 / 54 |
Focus
⚔️ 35.5% · 🌾 64.5%
Battering Ram ×21 · Kipchak ×16 · Camel Scout ×10 · Spearman ×5 · Mangonel ×1 · Scout Cavalry ×1
Feudal
9:08
Castle
25:04
Imperial
64:03
| APM avg | 42.4 |
| APM peak | 76 |
| eAPM avg | 22.0 |
| Villagers / military | 148 / 84 |
Focus
⚔️ 22.7% · 🌾 77.3%
Archer ×32 · Knight ×20 · Monk ×9 · Battering Ram ×7 · Scout Cavalry ×6 · Mangonel ×4
Match map
Initial resources + every placement click. Lines = walls · curves = elevation contours. ◆ gold · ⬟ stone · ● berries · ✦ relic · ◌ wall gap
Your base· Open — 6t gap
5779817's base· Open — 7t gap
Smoothed initial terrain · ◌ = detected wall gap · hover for details
Inputs per minute
— Dr. Delta - - 5779817
Build order — Dr. Delta
First 150 of 228 actions detected
| 1:41 | Build | Town Center |
| 3:00 | Create | Villager (Male) |
| 3:00 | Create | Villager (Male) |
| 3:01 | Create | Villager (Male) |
| 3:16 | Create | Villager (Male) |
| 3:54 | Build | Lumber Camp |
| 4:17 | Create | Villager (Male) |
| 4:17 | Create | Villager (Male) |
| 4:18 | Create | Villager (Male) |
| 5:09 | Build | Mill |
| 5:21 | Create | Villager (Male) |
| 5:22 | Create | Villager (Male) |
| 5:24 | Create | Villager (Male) |
| 6:27 | Create | Villager (Male) |
| 6:56 | Create | Villager (Male) |
| 7:28 | Create | Villager (Male) |
| 7:28 | Create | Villager (Male) |
| 7:54 | Create | Villager (Male) |
| 7:54 | Research | Loom |
| 8:56 | Research | Feudal Age |
| 9:26 | Build | Mining Camp |
| 11:25 | Age | Feudal Age |
| 11:31 | Build | Watch Tower |
| 12:42 | Build | Watch Tower |
| 13:13 | Build | Mining Camp |
| 13:25 | Build | Blacksmith |
| 14:16 | Build | Siege Workshop |
| 14:28 | Research | Fletching |
| 14:30 | Create | Villager (Male) |
| 14:31 | Create | Villager (Male) |
| 14:31 | Create | Villager (Male) |
| 14:33 | Build | House |
| 15:20 | Build | Mining Camp |
| 15:55 | Create | Battering Ram |
| 16:14 | Build | House |
| 16:46 | Create | Villager (Male) |
| 16:46 | Create | Villager (Male) |
| 16:57 | Create | Battering Ram |
| 17:32 | Create | Villager (Male) |
| 17:32 | Create | Villager (Male) |
| 17:32 | Create | Villager (Male) |
| 17:56 | Create | Battering Ram |
| 18:10 | Create | Villager (Male) |
| 18:10 | Create | Villager (Male) |
| 19:37 | Build | Farm |
| 19:37 | Build | Farm |
| 19:37 | Build | Farm |
| 19:38 | Build | Farm |
| 19:38 | Build | Farm |
| 20:27 | Create | Battering Ram |
| 20:44 | Build | Watch Tower |
| 21:03 | Build | House |
| 21:34 | Build | Mill |
| 21:58 | Create | Villager (Male) |
| 21:58 | Create | Villager (Male) |
| 21:58 | Create | Villager (Male) |
| 22:14 | Create | Battering Ram |
| 23:28 | Build | Watch Tower |
| 23:57 | Create | Battering Ram |
| 24:20 | Create | Battering Ram |
| 24:32 | Create | Villager (Male) |
| 24:33 | Create | Villager (Male) |
| 25:13 | Create | Battering Ram |
| 25:14 | Build | House |
| 25:29 | Build | Watch Tower |
| 27:15 | Build | Watch Tower |
| 28:14 | Create | Villager (Male) |
| 28:15 | Create | Villager (Male) |
| 28:15 | Create | Villager (Male) |
| 28:15 | Create | Villager (Male) |
| 28:45 | Create | Battering Ram |
| 28:46 | Create | Battering Ram |
| 29:15 | Build | Watch Tower |
| 29:25 | Create | Battering Ram |
| 30:19 | Create | Battering Ram |
| 31:07 | Create | Villager (Male) |
| 31:07 | Create | Villager (Male) |
| 31:07 | Create | Villager (Male) |
| 31:12 | Build | Farm |
| 31:12 | Build | Farm |
| 31:12 | Build | Farm |
| 31:13 | Build | Farm |
| 31:46 | Build | Watch Tower |
| 32:41 | Create | Battering Ram |
| 32:54 | Build | Lumber Camp |
| 34:20 | Create | Villager (Male) |
| 34:20 | Create | Villager (Male) |
| 34:20 | Create | Villager (Male) |
| 34:41 | Build | Watch Tower |
| 34:53 | Create | Battering Ram |
| 35:09 | Create | Battering Ram |
| 35:11 | Create | Villager (Male) |
| 35:11 | Create | Villager (Male) |
| 36:27 | Create | Battering Ram |
| 36:27 | Create | Battering Ram |
| 36:45 | Create | Villager (Male) |
| 36:45 | Create | Villager (Male) |
| 36:45 | Create | Villager (Male) |
| 36:48 | Build | House |
| 36:53 | Build | Farm |
| 36:54 | Build | Farm |
| 37:14 | Build | Watch Tower |
| 37:25 | Create | Villager (Male) |
| 37:26 | Create | Villager (Male) |
| 37:26 | Create | Villager (Male) |
| 37:27 | Research | Double-Bit Axe |
| 37:53 | Build | Farm |
| 38:13 | Build | Farm |
| 38:16 | Build | House |
| 38:17 | Build | House |
| 39:44 | Build | Mining Camp |
| 39:48 | Create | Battering Ram |
| 39:49 | Create | Villager (Male) |
| 39:49 | Create | Villager (Male) |
| 40:06 | Create | Villager (Male) |
| 40:06 | Create | Villager (Male) |
| 40:42 | Build | Barracks |
| 40:42 | Create | Villager (Male) |
| 40:43 | Create | Villager (Male) |
| 41:23 | Build | Mining Camp |
| 41:24 | Create | Villager (Male) |
| 41:24 | Create | Villager (Male) |
| 41:28 | Create | Villager (Male) |
| 41:32 | Build | Lumber Camp |
| 41:51 | Research | Castle Age |
| 42:21 | Create | Spearman |
| 42:21 | Create | Spearman |
| 42:46 | Build | Stable |
| 42:47 | Create | Spearman |
| 42:48 | Create | Villager (Male) |
| 42:48 | Create | Villager (Male) |
| 42:55 | Research | Gold Mining |
| 43:17 | Research | Bloodlines |
| 43:21 | Build | Stable |
| 43:23 | Research | Scale Barding Armor |
| 43:23 | Research | Forging |
| 43:47 | Create | Scout Cavalry |
| 44:13 | Build | House |
| 44:15 | Build | House |
| 44:15 | Build | House |
| 44:25 | Research | Forging |
| 44:36 | Age | Castle Age |
| 44:50 | Create | Spearman |
| 44:50 | Create | Spearman |
| 45:48 | Create | Mangonel |
| 47:16 | Build | Castle |
| 47:29 | Build | Town Center |
| 47:53 | Build | Market |
| 48:12 | Build | Palisade Gate |
| 48:16 | Build | Palisade Wall |
Build order — 5779817
First 150 of 440 actions detected
| 0:06 | Build | Town Center |
| 1:08 | Create | Villager (Male) |
| 1:08 | Create | Villager (Male) |
| 1:08 | Create | Villager (Male) |
| 1:09 | Create | Villager (Male) |
| 1:24 | Create | Villager (Male) |
| 1:24 | Create | Villager (Male) |
| 2:05 | Create | Villager (Male) |
| 2:30 | Build | Lumber Camp |
| 2:31 | Create | Villager (Male) |
| 3:04 | Create | Villager (Male) |
| 3:04 | Create | Villager (Male) |
| 3:47 | Create | Villager (Male) |
| 3:47 | Create | Villager (Male) |
| 4:12 | Create | Villager (Male) |
| 4:27 | Build | House |
| 4:42 | Build | Mill |
| 5:21 | Create | Villager (Male) |
| 6:23 | Research | Loom |
| 6:44 | Research | Feudal Age |
| 7:17 | Build | Mining Camp |
| 7:57 | Build | Barracks |
| 8:46 | Create | Villager (Male) |
| 8:51 | Build | House |
| 9:08 | Age | Feudal Age |
| 9:17 | Build | Archery Range |
| 9:33 | Create | Villager (Male) |
| 9:39 | Research | Double-Bit Axe |
| 9:39 | Research | Double-Bit Axe |
| 9:48 | Build | Watch Tower |
| 9:49 | Create | Villager (Male) |
| 9:55 | Build | Palisade Wall |
| 9:57 | Build | Palisade Wall |
| 9:58 | Build | Palisade Wall |
| 9:59 | Create | Villager (Male) |
| 10:02 | Create | Archer |
| 10:21 | Create | Villager (Male) |
| 10:52 | Create | Archer |
| 10:59 | Build | House |
| 11:06 | Create | Villager (Male) |
| 11:20 | Create | Archer |
| 11:25 | Build | Mining Camp |
| 11:33 | Create | Villager (Male) |
| 11:37 | Build | Blacksmith |
| 11:46 | Create | Villager (Male) |
| 12:10 | Create | Villager (Male) |
| 12:19 | Create | Villager (Male) |
| 12:27 | Build | Mining Camp |
| 12:33 | Build | House |
| 12:36 | Research | Fletching |
| 12:53 | Create | Villager (Male) |
| 13:06 | Create | Villager (Male) |
| 13:10 | Create | Archer |
| 13:27 | Create | Villager (Male) |
| 13:39 | Create | Archer |
| 14:04 | Create | Villager (Male) |
| 14:10 | Build | Watch Tower |
| 14:23 | Build | Mill |
| 14:31 | Create | Archer |
| 14:37 | Build | House |
| 14:45 | Build | Farm |
| 14:46 | Build | Farm |
| 14:56 | Build | House |
| 15:27 | Create | Archer |
| 15:30 | Create | Villager (Male) |
| 15:38 | Build | Farm |
| 15:59 | Create | Archer |
| 16:10 | Build | Farm |
| 16:14 | Build | House |
| 16:18 | Create | Archer |
| 16:19 | Create | Villager (Male) |
| 16:30 | Build | Farm |
| 16:47 | Build | Watch Tower |
| 16:50 | Build | Farm |
| 16:54 | Build | Stable |
| 16:58 | Create | Archer |
| 17:10 | Build | Farm |
| 17:12 | Create | Villager (Male) |
| 17:16 | Build | Farm |
| 17:27 | Create | Villager (Male) |
| 17:51 | Build | House |
| 17:56 | Create | Villager (Male) |
| 18:07 | Build | House |
| 18:30 | Create | Villager (Male) |
| 18:55 | Create | Villager (Male) |
| 19:07 | Create | Villager (Male) |
| 19:14 | Create | Villager (Male) |
| 19:45 | Build | Archery Range |
| 19:54 | Build | Market |
| 20:04 | Build | House |
| 21:10 | Build | Town Center |
| 22:21 | Build | Outpost |
| 22:24 | Research | Castle Age |
| 22:40 | Build | Mill |
| 23:10 | Build | House |
| 23:15 | Build | Farm |
| 23:18 | Build | Farm |
| 23:32 | Research | Bloodlines |
| 23:38 | Build | Blacksmith |
| 23:52 | Create | Archer |
| 24:11 | Create | Villager (Male) |
| 24:14 | Build | Farm |
| 24:15 | Build | Farm |
| 24:32 | Build | Stable |
| 24:48 | Build | Farm |
| 24:48 | Build | Farm |
| 25:04 | Age | Castle Age |
| 25:09 | Build | Siege Workshop |
| 25:12 | Create | Knight |
| 25:16 | Research | Scale Barding Armor |
| 25:20 | Create | Villager (Male) |
| 25:41 | Build | Watch Tower |
| 25:53 | Create | Villager (Male) |
| 26:16 | Create | Villager (Male) |
| 26:16 | Create | Villager (Male) |
| 26:37 | Build | Farm |
| 26:46 | Create | Knight |
| 26:47 | Create | Knight |
| 26:52 | Create | Villager (Male) |
| 26:54 | Build | Siege Workshop |
| 27:15 | Build | House |
| 27:25 | Build | Watch Tower |
| 27:48 | Build | House |
| 27:50 | Build | House |
| 28:03 | Create | Villager (Male) |
| 28:03 | Create | Villager (Male) |
| 28:03 | Create | Villager (Male) |
| 28:24 | Create | Villager (Male) |
| 28:25 | Build | House |
| 28:29 | Build | House |
| 29:02 | Create | Mangonel |
| 29:05 | Build | House |
| 29:05 | Create | Villager (Male) |
| 29:21 | Create | Villager (Male) |
| 29:29 | Build | House |
| 29:30 | Create | Villager (Male) |
| 29:45 | Create | Villager (Male) |
| 30:21 | Create | Villager (Male) |
| 30:49 | Create | Villager (Male) |
| 30:57 | Build | Market |
| 31:04 | Create | Villager (Male) |
| 31:14 | Create | Scout Cavalry |
| 31:14 | Create | Scout Cavalry |
| 31:15 | Create | Scout Cavalry |
| 31:23 | Create | Villager (Male) |
| 31:32 | Build | House |
| 31:40 | Build | Outpost |
| 31:46 | Build | House |
| 32:04 | Build | Siege Workshop |
| 32:13 | Build | House |
Match timeline
| 7:57 | 5779817 · first_building Barracks |
| 9:08 | 5779817 · age_up feudal |
| 9:17 | 5779817 · first_building Archery Range |
| 9:55 | 5779817 · wall_segment Palisade Wall x1 |
| 9:57 | 5779817 · wall_segment Palisade Wall x1 |
| 9:58 | 5779817 · wall_segment Palisade Wall x1 |
| 11:25 | Dr. Delta · age_up feudal |
| 14:16 | Dr. Delta · first_building Siege Workshop |
| 16:54 | 5779817 · first_building Stable |
| 20:54 | 5779817 · first_market_buy 100 food |
| 25:04 | 5779817 · age_up castle |
| 25:09 | 5779817 · first_building Siege Workshop |
| 26:44 | 5779817 · first_market_sell 100 wood |
| 37:18 | 5779817 · wall_segment Stone Wall x5 |
| 40:42 | Dr. Delta · first_building Barracks |
| 42:46 | Dr. Delta · first_building Stable |
| 44:36 | Dr. Delta · age_up castle |
| 45:09 | 5779817 · first_building Monastery |
| 47:16 | Dr. Delta · first_building Castle |
| 48:16 | Dr. Delta · wall_segment Palisade Wall x1 |
| 48:20 | Dr. Delta · wall_segment Palisade Wall x1 |
| 48:27 | Dr. Delta · wall_segment Palisade Wall x1 |
| 48:40 | Dr. Delta · first_market_buy 100 food |
| 51:45 | 5779817 · first_building Castle |
| 55:23 | Dr. Delta · wall_segment Palisade Wall x1 |
| 56:03 | Dr. Delta · first_building Monastery |
| 58:04 | Dr. Delta · first_market_sell 100 wood |
| 58:52 | Dr. Delta · wall_segment Palisade Wall x1 |
| 58:56 | Dr. Delta · wall_segment Palisade Wall x1 |
| 64:03 | 5779817 · age_up imperial |
| 67:12 | Dr. Delta · resign |
[ AI ANALYSIS · 1 CREDIT ]
What really happened in this match?
Wolo.gg analyzes every decision: build order, eco, micro, common mistakes by bracket. Personalized analysis on WhatsApp or Discord in 30 seconds.
Civ guide
Cumans
Perfil
Jugador #625204